 Seeded DCSS version 0.29-a0-789-g7a8fcbc185 (webtiles) character file.

Game seed: 1570133099386417921 (custom seed)

163 blackman the Sneak (level 5, 0/41 HPs)
             Began as a Human Delver on July 2, 2022.
             Was an Initiate of Ashenzari.
             Slain by a gnoll
             ... wielding a +0 flail
             ... led by a bouda
              (8 damage)
             ... on level 3 of the Dungeon.
             The game lasted 00:02:36 (1582 turns).

blackman the Sneak (Human Delver)                   Turns: 1582, Time: 00:02:37

Health: 0/41       AC:  3    Str: 14    XL:     5   Next: 72%
Magic:  5/5        EV: 12    Int: 10    God:    Ashenzari [......]
Gold:   0          SH:  0    Dex: 15    Spells: 4/4 levels left

rFire   . . .      SeeInvis .   a - +0 hand axe
rCold   . . .      Faith    .   (no shield)
rNeg    . . .      Spirit   .   b - +0 leather armour
rPois   .          Reflect  .   (no helmet)
rElec   .          Harm     .   (no cloak)
rCorr   .          Rampage  .   (no gloves)
Will    .....                   (no boots)
Stlth   +++.......              (no amulet)
HPRegen 0.13/turn               (no ring)
MPRegen 0.09/turn               (no ring)

@: no status effects
A: no striking features
a: Renounce Religion


You were on level 3 of the Dungeon.
You worshipped Ashenzari.
Ashenzari was noncommittal.
You visited 2 branches of the dungeon, and saw 4 of its levels.

Inventory:

Hand Weapons
 a - a +0 hand axe (weapon)
Armour
 b - a +0 leather armour (worn)
Wands
 g - a wand of digging (3)
 h - a wand of iceblast (4)
Scrolls
 c - a scroll of fog
 d - a scroll of teleportation {unknown}
 e - a scroll of fear
Potions
 f - a potion of haste


   Skills:
 - Level 3.0 Fighting
 - Level 2.0 Axes
 * Level 5.0 Ranged Weapons
 - Level 2.0 Dodging
 - Level 5.0 Stealth


You had 4 spell levels left.
You didn't know any spells.
Your spell library was empty.

Dungeon Overview and Level Annotations

Branches:
Dungeon (5/15)             Temple (1/1) D:5

Altars:
Ashenzari
Cheibriados
Dithmenos
Elyvilon
Gozag
Hepliaklqana
Kikubaaqudgha
Makhleb
Nemelex Xobeh
Qazlal
Ru
Sif Muna
Trog
Vehumet
Wu Jian
Xom
Yredelemnul
Zin
The Shining One

Annotations:
Temple 2 transporters


Message History

The gnoll closely misses you.
Cleave: a) +0 hand axe
Press: ? - help, Dir - move target, f/p - gnoll
Aim: a gnoll, wielding a +0 flail (heavily wounded, about 35% to evade your +0 hand axe)
You completely miss the gnoll.
The gnoll is heavily wounded.
The gnoll hits you with a +0 flail.
Cleave: a) +0 hand axe
Press: ? - help, Dir - move target, f/p - gnoll
Aim: a gnoll, wielding a +0 flail (heavily wounded, about 35% to evade your +0 hand axe)
You completely miss the gnoll.
The gnoll is heavily wounded.
The gnoll closely misses you.
Cleave: a) +0 hand axe
Press: ? - help, Dir - move target, f/p - gnoll
Aim: a gnoll, wielding a +0 flail (heavily wounded, about 35% to evade your +0 hand axe)
You hit the gnoll.
The gnoll is severely wounded.
The gnoll drinks a potion.
The gnoll is healed!
Cleave: a) +0 hand axe
Press: ? - help, Dir - move target, f/p - gnoll
Aim: a gnoll, wielding a +0 flail (lightly wounded, about 35% to evade your +0 hand axe)
You barely miss the gnoll.
The gnoll is lightly wounded.
The gnoll hits you with a +0 flail!
* * * LOW HITPOINT WARNING * * *
The gnoll misses you.
Cleave: a) +0 hand axe
Press: ? - help, Dir - move target, f/p - gnoll
Aim: a gnoll, wielding a +0 flail (lightly wounded, about 35% to evade your +0 hand axe)
You hit the gnoll.
The gnoll is heavily wounded.
The gnoll misses you.
Cleave: a) +0 hand axe
Press: ? - help, Dir - move target, f/p - gnoll
Aim: a gnoll, wielding a +0 flail (heavily wounded, about 35% to evade your +0 hand axe)
You closely miss the gnoll.
The gnoll is heavily wounded.
The gnoll hits you with a +0 flail!
You die...

.# .# # .# .#. .# #.#
######.# #.# #......#
#.# ####.....######.#
#.###@...........##.##
#...g.##...^.###.....#
########.....# ####..#
###.### #..#
#.########..#
#........#...
########.#... #.....
######


You could see a gnoll.

Vanquished Creatures
  A phantom (Temple)
  A scorpion (D:5)
  An adder (D:4)
  A gnoll (D:4)
  2 dart slugs (D:3)
  4 jackals (D:3)
  A quokka (D:3)
11 creatures vanquished.

Vanquished Creatures (others)
  A gnoll (D:5)
1 creature vanquished.

Grand Total: 12 creatures vanquished

Notes
Turn   | Place    | Note
-------+----------+-------------------------------------------
     0 | D:5      | blackman the Human Delver began the quest for the Orb.
     0 | D:5      | Reached XP level 1. HP: 18/18 MP: 1/1
     6 | D:5      | Noticed a scorpion
     9 | D:5      | Killed a scorpion
    10 | D:5      | Reached XP level 2. HP: 24/24 MP: 2/2
    10 | D:5      | Reached XP level 3. HP: 29/29 MP: 3/3
    10 | D:5      | Reached XP level 4. HP: 35/35 MP: 4/4
    19 | D:5      | Found a staircase to the Ecumenical Temple.
    26 | D:5      | Noticed a phantom
    36 | Temple   | Entered the Ecumenical Temple
    36 | Temple   | Found a transporter.
    36 | Temple   | Found a transporter.
    41 | Temple   | Found a transporter.
    41 | Temple   | Found a transporter.
    46 | Temple   | Killed a phantom
    47 | Temple   | Reached XP level 5. HP: 2/41 MP: 5/5
   654 | Temple   | Became a worshipper of Ashenzari the Shackled
  1574 | D:3      | Reached skill level 5 in Ranged Weapons
  1582 | D:3      | Slain by a gnoll

Illustrated notes

Levels and vault maps discovered:
D:3:      layout_loops_ring, serial_shops, shop_statue
D:4:      layout_loops_ring
D:5:      layout_basic, temple_pool_b, lemuel_flamethrower_2
Temple:   hellmonk_temple_divided_pantheon

Skill      XL: |  1  2  3  4  5 |
---------------+----------------+-----
Ranged Weapons | 3 4 5 |  5.0
Fighting       | |  3.0
Axes           | |  2.0
Dodging        | |  2.0
Stealth        | |  5.0

Action                   |  1- 3 |  4- 6 || total
-------------------------+-------+-------++-------
Melee: Hand axe          |       |    57 ||    57
Evoke: Wand              |     2 |     3 ||     5
  Use: Scroll            |       |     1 ||     1
 Stab: Sleeping          |       |     3 ||     3
Armor: Leather armour    |       |    24 ||    24
Dodge: Dodged            |       |    58 ||    58

Table legend: (Time is in decaauts)
 A = Elapsed time spent in this place.
 B = Non-inter-level travel time spent in this place.
 C = Inter-level travel time spent in this place.
 D = Time resting spent in this place.
 E = Time spent auto-exploring this place.
 F = Levels seen in this place.
 G = Mean time per level.
                   A        B        C        D        E       F      G
               +--------+--------+--------+--------+--------+-----+--------+
         Total |   1598 |   1547 |     51 |   1306 |     45 |   4 |  399.5 |
       Dungeon |    960 |    937 |     23 |    713 |     45 |   3 |  320.0 |
        Temple |    637 |    609 |     28 |    593 |      0 |   1 |  637.0 |
               +--------+--------+--------+--------+--------+-----+--------+

Top non-repeatable levels by time:
     D:4: 678 daAuts
  Temple: 637 daAuts
     D:3: 220 daAuts
     D:5: 62 daAuts
